 Dungeon Crawl Stone Soup version 0.16.2-12-gd0ad4c3 (webtiles) character file.

249 GammafunkIsRetarded the Chiller (level 5, 0/31 HPs)
             Began as a High Elf Ice Elementalist on June 8, 2018.
             Slain by a centaur (9 damage)
             ... on level 6 of the Dungeon.
             The game lasted 00:05:46 (560 turns).

GammafunkIsRetarded the Chiller (HEIE)               Turns: 560, Time: 00:05:46

Health: 0/31       AC:  2    Str:  8    XL:     5   Next: 86%
Magic:  15/23      EV: 14    Int: 19    God:
Gold:   52         SH:  0    Dex: 15    Spells: 2 memorised, 5 levels left

rFire  . . .     SeeInvis .     b - book of Frost
rCold  . . .     Clarity  .     k - +0 robe
rNeg   . . .     SustAb   .     (no shield)
rPois  .         Gourm    .     (no helmet)
rElec  .         Spirit   .     (no cloak)
rCorr  .         Warding  .     (no gloves)
rMut   +         Stasis   .     (no boots)
MR     .....                    f - amulet of resist mutation
Stlth  ++........               h - +2 ring of evasion
                                d - ring of magical power

@: not resistant to hostile enchantments, unstealthy
A: no striking features
a: no special abilities


You were on level 6 of the Dungeon.
You were not hungry.

You visited 1 branch of the dungeon, and saw 6 of its levels.

You collected 52 gold pieces.

Inventory:

Hand weapons
 a - a +0 dagger
Armour
 k - a +0 robe (worn)
Jewellery
 d - a ring of magical power (left hand)
 f - an amulet of resist mutation (around neck)
 h - a +2 ring of evasion (right hand)
 i - an uncursed ring of sustain abilities
Scrolls
 e - a scroll of enchant weapon {unknown}
 g - 2 scrolls of identify {unknown}
 j - a scroll of immolation {unknown}
 m - a scroll of recharging {unknown}
 n - a scroll of acquirement {unknown}
Potions
 l - a potion of lignification {unknown}
Books
 b - a book of Frost (in hand)

   Spells                             Type                      Level
   a - Freeze                         Ice                          1
   b - Throw Frost                    Conjuration/Ice              2
   c - Ozocubu's Armour               Charms/Ice                   3
   d - Throw Icicle                   Conjuration/Ice              4
   e - Summon Ice Beast               Ice/Summoning                4
   f - Condensation Shield            Ice                          4
Comestibles
 c - 4 bread rations


   Skills:
 - Level 2.1 Dodging
 - Level 2.1 Stealth
 - Level 3.1 Spellcasting
   Level 1.1 Conjurations
 + Level 3.3 Summonings
 - Level 5.0 Ice Magic


You had 5 spell levels left.
You knew the following spells:

 Your Spells              Type           Power        Failure   Level  Hunger
a - Freeze                Ice            ###.         1%          1    None
B - Summon Ice Beast      Ice/Summ       ###.....     34%         4    ####...


Dungeon Overview and Level Annotations

Branches:
Dungeon (6/15)
 Temple: D:4-7

Altars:


Message History

You kill the giant gecko!
Found two items.
A giant frog and a centaur come into view.
The centaur shouts!
The centaur wields a glowing shortbow.
It bursts into flame!
The centaur shoots an arrow.
The arrow barely misses you.
You see here an arrow.
Drink which item? (? for menu, Esc to quit)
Okay, then.
Read which item? (? for menu, Esc to quit)
Okay, then.
Unknown command.
Unknown command.
Unknown command.
The giant frog closely misses you.
The centaur unwields an uncursed shortbow of flaming.
It stops flaming.
The centaur barely misses you. The giant frog hits you.
* * * LOW HITPOINT WARNING * * *
The centaur hits you!
You die...

#.....##.#### #.#
#.....##.##.#####.##
#.....##.#..........
#.............###.##
#.....##.#.........#
##.......##..####...
#.#########.#####.#
#####(##
######.##.....
#..../@#
#<......#.##.#
#.###Fc#
#.......#.##.# #...#
#............. #.#.#
#.......#..... #?..#
#.......#####. ....#
#.........# . ##.###
#.<.....#.# . .
#......##.#.#
#.#.......# #


You could see a giant frog and a centaur.

Vanquished Creatures
  A scorpion (D:4)
  2 crimson imps
  A worker ant (D:4)
  2 adders (D:5)
  2 giant geckos
  5 orcs
  3 bats
  A giant cockroach (D:5)
  2 hobgoblins
  5 jackals
  A giant newt (D:2)
  2 goblins
  2 kobolds
  4 rats
33 creatures vanquished.

Vanquished Creatures (collateral kills)
  A crimson imp (D:5)
  A hound (D:5)
  A hound skeleton (D:5)
  A worker ant zombie (D:5)
  An adder (D:5)
  A shadow imp (D:5)
  2 jackal zombies (D:5)
8 creatures vanquished.

Grand Total: 41 creatures vanquished

Notes
Turn   | Place    | Note
--------------------------------------------------------------
     0 | D:1      | GammafunkIsRetarded, the High Elf Ice Elementalist, began the quest for the Orb.
     0 | D:1      | Reached XP level 1. HP: 11/11 MP: 4/4
   141 | D:2      | Reached XP level 2. HP: 17/17 MP: 7/7
   208 | D:4      | Reached skill level 4 in Ice Magic
   208 | D:4      | Reached XP level 3. HP: 12/21 MP: 9/9
   329 | D:4      | Noticed a scorpion
   339 | D:4      | Killed a scorpion
   339 | D:4      | Reached XP level 4. HP: 19/27 MP: 12/12
   346 | D:5      | Entered Level 5 of the Dungeon
   351 | D:5      | Reached skill level 5 in Ice Magic
   360 | D:5      | Learned a level 4 spell: Summon Ice Beast
   365 | D:5      | Reached skill level 1 in Summonings
   368 | D:5      | Reached XP level 5. HP: 22/31 MP: 14/14
   558 | D:6      | Noticed a centaur
   560 | D:6      | Slain by a centaur

Action                   |  1- 3 |  4- 6 || total
-------------------------+-------+-------++-------
Melee: Dagger            |    14 |    11 ||    25
 Cast: Freeze            |    26 |    26 ||    52
       Summon Ice Beast  |       |     4 ||     4
  Use: Scroll            |     1 |       ||     1
       Potion            |     3 |     1 ||     4
 Stab: Sleeping          |     1 |     1 ||     2
